 Dungeon Crawl Stone Soup version 0.18-a0-1372-gd644665 (webtiles) character file.

98 M4edhros the Insei (level 4, -1/31 HPs)
             Began as an Octopode Monk on Feb 21, 2016.
             Was a Priest of Zin.
             Slain by an adder (2 damage)
             ... on level 4 of the Dungeon.
             The game lasted 00:03:42 (1956 turns).

M4edhros the Insei (Octopode Monk)                  Turns: 1956, Time: 00:03:43

Health: -1/31      AC:  1    Str: 10    XL:     4   Next: 71%
Magic:  5/5        EV: 10    Int: 16    God:    Zin [***...]
Gold:   80         SH:  6    Dex: 15    Spells: 0 memorised, 3 levels left

rFire  . . .     SeeInvis .       - Unarmed
rCold  . . .     Gourm    .     q - +0 shield
rNeg   . . .     Faith    .     (helmet restricted)
rPois  .         Spirit   .     (no amulet)
rElec  .         Dismiss  .     p - +4 ring of intelligence
rCorr  .         Reflect  .     (no ring)
SustAt .         Harm     .     (no ring)
MR     .....                    (no ring)
Stlth  ++++......               (no ring)
                                (no ring)
                                (no ring)
                                (no ring)

@: not resistant to hostile enchantments, stealthy
A: almost no armour, amphibious, 8 rings, constrict 8, camouflage 1, gelatinous
body 1
a: Recite, Vitalisation, Imprison, Donate Gold, Renounce Religion


You were on level 4 of the Dungeon.
You worshipped Zin.
Zin was most pleased with you.
You were not hungry.

You visited 1 branch of the dungeon, and saw 4 of its levels.

You collected 156 gold pieces.
You donated 76 gold pieces to Zin.

Inventory:

Missiles
 d - 39 sling bullets
 e - 170 stones (quivered)
Armour
 q - a +0 shield (worn)
Jewellery
 p - a +4 ring of intelligence (left tentacle)
Scrolls
 b - a scroll of magic mapping {unknown}
 c - a scroll of identify {unknown}
 h - a scroll of enchant weapon {unknown}
 i - a scroll of fog {unknown}
 j - a scroll of fear {unknown}
 m - a scroll of immolation {unknown}
Potions
 s - a potion of heal wounds {unknown}
Comestibles
 a - a bread ration
 f - 3 fruits
 g - a slice of pizza
 k - a meat ration


   Skills:
 - Level 3.0 Fighting
 - Level 3.0 Dodging
 - Level 4.5 Stealth
 + Level 5.0 Unarmed Combat
 * Level 1.6 Invocations


You had 3 spell levels left.
You didn't know any spells.

Dungeon Overview and Level Annotations

Branches:
Dungeon (4/15)
 Temple: D:4-7

Altars:
Ru
Zin

Annotations:
D:4 Sigmund


Innate Abilities, Weirdness & Mutations

You cannot wear most types of armour.
You are amphibious.
You can wear up to eight rings at the same time.
You can use your tentacles to constrict eight enemies at once.
Your skin changes colour to match your surroundings (Stealth).
Your rubbery body absorbs attacks (AC +1).


Message History

It was a potion of cancellation.
You feel magically purged. You block the adder's attack.
You tentacle-slap the adder. Your grab misses the adder.
The adder is moderately wounded.
You block the adder's attack.
You miss the adder. Your grab misses the adder. You squeeze the adder.
The adder is moderately wounded.
You block the adder's attack.
An orc and Sigmund come into view.
The orc shouts!
You tentacle-slap the adder. Your grab misses the adder. You squeeze the adder.
The adder is severely wounded.
The adder closely misses you.
The orc moves out of view.
Sigmund breathes a few words.
Sigmund's hands start flickering wildly.
Sigmund gestures wildly while chanting.
Sigmund flickers and vanishes!
Deactivating autopickup; reactivate with Ctrl-A.
The adder bites you.
You die...

...... ....
.... ... .>#
#.# #.#
#.#@#####
#...So.<#
#####...#
#....{..
..........
.#....#.....
..
.....#..... .
.....(......
.###........#


You could see an adder and an orc.

Vanquished Creatures
  Jessica (D:3)
  2 adders
  An ooze (D:1)
  2 giant geckos
  A bat (D:3)
  7 giant cockroaches
  9 goblins
  5 hobgoblins
  2 quokkas (D:3)
  3 giant newts
  3 kobolds
  10 rats
46 creatures vanquished.

Notes
Turn   | Place    | Note
--------------------------------------------------------------
     0 | D:1      | M4edhros the Octopode Monk began the quest for the Orb.
     0 | D:1      | Reached XP level 1. HP: 16/16 MP: 1/1
   324 | D:1      | Reached XP level 2. HP: 19/21 MP: 2/2
   743 | D:2      | Reached XP level 3. HP: 21/26 MP: 3/3
  1657 | D:3      | Found a glowing silver altar of Zin.
  1672 | D:3      | Noticed Jessica
  1687 | D:3      | Became a worshipper of Zin the Law-Giver
  1687 | D:3      | Reached * piety under Zin
  1687 | D:3      | Reached ** piety under Zin
  1696 | D:3      | Donated 61 gold pieces to Zin
  1731 | D:3      | Reached XP level 4. HP: 31/31 MP: 4/4
  1812 | D:3      | Found a sacrificial altar of Ru.
  1821 | D:3      | Reached *** piety under Zin
  1834 | D:3      | Killed Jessica
  1834 | D:3      | Reached skill level 1 in Invocations
  1913 | D:3      | Reached skill level 5 in Unarmed Combat
  1951 | D:4      | HP: 1/31 [orc/falchion (8)]
  1956 | D:4      | Noticed Sigmund
  1956 | D:4      | Slain by an adder

Vault maps used:
D:1:      dpeg_arrival_houses_and_road
D:3:      hangedman_ru_absence, minitemple, zin_scriptorium,
          nicolae_overflow_hidden_temple, minmay_misc_feat_more_columns,
          uniq_jessica
D:4:      lemuel_zombie_altar_kikubaaqudgha, nicolae_gozag_seed_capital,
          ashenzari_conservatory_becter, serial_shops,
          nicolae_shop_window_shopping, uniq_eustachio, uniq_sigmund, uniq_robin

Action                   |  1- 3 |  4- 6 || total
-------------------------+-------+-------++-------
Melee: Unarmed           |    74 |    19 ||    93
Invok: Donate Gold       |     1 |       ||     1
       Recite            |       |     1 ||     1
       Vitalisation      |       |     1 ||     1
  Use: Potion            |       |     4 ||     4
 Stab: Sleeping          |    18 |     1 ||    19
  Eat: Chunk             |     1 |     2 ||     3
